[Event "Titled Tuesday Blitz November 30 2021"]
[White "Maksimovic, Bojan"]
[Black "Poormosavi, Seyed Kian"]
[WhiteFideId "14408120"]
[BlackFideId "12585807"]
[WhiteElo "2439"]
[BlackElo "2134"]
[Result "1-0"]
[Round "08"]
[TimeControl "180+1"]
[Date "2021.11.30"]
[WhiteClock "0:00:41"]
[BlackClock "0:00:22"]

1. e4 c6 2. d4 d5 3. Nd2 dxe4 4. Nxe4 Nf6 5. Nxf6+ exf6 6. c3 Bf5 7. Bd3 Bxd3 8. Qxd3 Bd6 9. Qe4+ Qe7 10. Qxe7+ Kxe7 11. Ne2 Re8 12. Bf4 Na6 13. O-O-O Nc7 14. Rhe1 Bxf4+ 15. Nxf4+ Kd7 16. Nh5 Rxe1 17. Rxe1 Ne8 18. Kc2 g6 19. Nf4 Nd6 20. Nd3 b6 21. b3 Re8 22. Rxe8 Kxe8 23. c4 Kd7 24. Nf4 g5 25. Nh5 Ne8 26. Kd3 Ke6 27. Ng3 f5 28. f4 f6 29. Ne2 h5 30. g3 Kd6 31. h4 g4 32. Nc3 Nc7 33. b4 Ke6 34. a4 Kd6 35. c5+ Ke6 36. Kc4 Kd7 37. d5 bxc5 38. Kxc5 Na6+ 39. Kc4 Nb8 40. dxc6+ Kxc6 41. b5+ Kd6 42. a5 Nd7 43. Na4 Nb8 44. Nc5 a6 45. Nxa6 Nxa6 46. bxa6 Kc6 47. a7 Kb7 48. Kd5 Kxa7 49. Ke6 Ka6 50. Kxf6 Kxa5 51. Kxf5 Kb5 52. Kg5 Kc5 53. Kxh5 Kb5 54. Kxg4 1-0


[Site "https://www.chess.com"]

[Event "Titled Tuesday Blitz November 30 2021"]
[White "Martinez Alcantara, Jose Eduardo"]
[Black "Dronavalli, Harika"]
[WhiteFideId "3805662"]
[BlackFideId "5015197"]
[WhiteElo "2690"]
[BlackElo "2422"]
[Result "1-0"]
[Round "08"]
[TimeControl "180+1"]
[Date "2021.11.30"]
[WhiteClock "0:00:02"]
[BlackClock "0:00:01"]

1. e4 e6 2. d4 d5 3. Nd2 c5 4. Ngf3 Nc6 5. exd5 exd5 6. Bb5 Qe7+ 7. Qe2 Qxe2+ 8. Kxe2 a6 9. Bxc6+ bxc6 10. Re1 f6 11. dxc5 Bxc5 12. Nb3 Bd6 13. Na5 Kd7 14. c4 Ne7 15. Kf1 Rb8 16. Rd1 Bc7 17. Nb3 Ke8 18. cxd5 cxd5 19. Be3 a5 20. Rac1 Ba6+ 21. Kg1 Bc4 22. Nfd2 a4 23. Nxc4 dxc4 24. Nc5 Rxb2 25. Rxc4 Rxa2 26. Ne6 Be5 27. f4 Ra1 28. Rxa1 Bxa1 29. Rxa4 Kf7 30. Nc5 Nd5 31. Bf2 Bc3 32. f5 Rc8 33. g3 Be5 34. Ra5 Ne7 35. g4 h5 36. h3 hxg4 37. hxg4 Rd8 38. Ra7 Rc8 39. Kg2 Rc7 40. Ra6 Rc6 41. Ra5 Rc7 42. Kf3 Nc6 43. Ra4 Ne7 44. Ne4 Rb7 45. Bc5 Rb3+ 46. Ke2 Nd5 47. Ra7+ Ke8 48. Rxg7 Nf4+ 49. Kd2 Rd3+ 50. Kc2 Rh3 51. g5 Rh2+ 52. Kb3 Rh3+ 53. Kc4 Nh5 54. Re7+ Kd8 55. g6 Rh4 56. Kd5 Nf4+ 57. Kc6 Nxg6 58. fxg6 Rxe4 59. Rd7+ Kc8 60. Rh7 1-0


[Site "https://www.chess.com"]

[Event "Titled Tuesday Blitz November 30 2021"]
[White "Nagy, Gabor"]
[Black "Kollars, Dmitrij"]
[WhiteFideId "737119"]
[BlackFideId "12909572"]
[WhiteElo "2534"]
[BlackElo "2584"]
[Result "0-1"]
[Round "08"]
[TimeControl "180+1"]
[Date "2021.11.30"]
[WhiteClock "0:01:06"]
[BlackClock "0:00:37"]

1. Nf3 d5 2. g3 Nc6 3. Bg2 e5 4. d3 g6 5. O-O Bg7 6. Nbd2 Nge7 7. e4 O-O 8. exd5 Nxd5 9. Re1 Re8 10. c3 Bf5 11. Ne4 h6 12. a4 a5 13. Qb3 b6 14. Nfd2 Be6 15. Qc2 f5 16. Nc4 fxe4 17. Bxe4 Bf5 18. Qb3 Nce7 19. Ne3 Be6 20. Qc2 Nxe3 21. Bxe3 Bd5 22. Rad1 Qd7 23. d4 Bxe4 24. Qxe4 Qxa4 25. b3 Qc6 26. d5 Qd7 27. d6 cxd6 28. Bxb6 d5 29. Qe2 Kh7 30. c4 d4 31. h4 h5 0-1


[Site "https://www.chess.com"]

[Event "Titled Tuesday Blitz November 30 2021"]
[White "Nakamura, Hikaru"]
[Black "Samunenkov, Ihor"]
[WhiteFideId "2016192"]
[BlackFideId "14187086"]
[WhiteElo "2884"]
[BlackElo "2348"]
[Result "1-0"]
[Round "08"]
[TimeControl "180+1"]
[Date "2021.11.30"]
[WhiteClock "0:01:06"]
[BlackClock "0:00:03"]

1. f4 d5 2. Nf3 c5 3. b3 g6 4. Bb2 Nf6 5. e3 Bg7 6. Be2 O-O 7. O-O Nc6 8. Ne5 Qc7 9. Nxc6 Qxc6 10. Bf3 Bf5 11. d3 Rad8 12. Nd2 Qc8 13. Qe2 Bg4 14. e4 dxe4 15. dxe4 Bxf3 16. Nxf3 Qc6 17. Rfe1 e6 18. c4 b6 19. e5 Ne8 20. Ng5 Nc7 21. Ne4 Kh8 22. Rad1 Rd7 23. Rxd7 Qxd7 24. Rd1 Qe7 25. Rd6 Ne8 26. Rd3 f6 27. Qd2 fxe5 28. Rd7 Qh4 29. g3 Qg4 30. Rxg7 Nxg7 31. Bxe5 Qf5 32. Qe2 h6 33. g4 Qf7 34. Qd3 Qe7 35. Qh3 h5 36. gxh5 gxh5 37. Qxh5+ Kg8 38. Qg6 Rf5 39. Nf6+ Kf8 40. Nh7+ Kg8 41. Ng5 Kf8 42. Bxg7+ 1-0


[Site "https://www.chess.com"]

[Event "Titled Tuesday Blitz November 30 2021"]
[White "Narayanan.S.L"]
[Black "Matinian, Nikita"]
[WhiteFideId "5058422"]
[BlackFideId "24129100"]
[WhiteElo "2570"]
[BlackElo "2422"]
[Result "0-1"]
[Round "08"]
[TimeControl "180+1"]
[Date "2021.11.30"]
[WhiteClock "0:00:31"]
[BlackClock "0:00:05"]

1. c4 e5 2. Nf3 Nc6 3. d3 g6 4. g3 Bg7 5. Bg2 f5 6. O-O Nf6 7. Nc3 O-O 8. Bg5 h6 9. Bxf6 Bxf6 10. Nd2 Ne7 11. c5 Kg7 12. Rc1 g5 13. Nc4 Ng6 14. Nd5 Rf7 15. b4 d6 16. cxd6 cxd6 17. a4 Be6 18. b5 h5 19. e4 Bxd5 20. exd5 g4 21. f3 Bg5 22. Rc2 Qc7 23. Rcf2 Qc5 24. Kh1 gxf3 25. Rxf3 Raf8 26. R3f2 h4 27. g4 f4 28. Be4 h3 29. Rc2 Qd4 30. Nd2 Nh4 31. Nf3 Nxf3 32. Rxf3 Rh8 33. Rc4 Qb2 34. Qf1 Qd2 35. Rf2 Qe3 36. Rf3 Qd2 37. Bf5 Kf6 38. Rf2 Qe3 39. Re2 Qb6 40. d4 Rc7 41. dxe5+ dxe5 42. Qa1 Re8 43. Rce4 f3 44. Rxe5 Rc1+ 45. Qxc1 Bxc1 46. Rxe8 fxe2 47. Rxe2 Kg5 48. Rc2 Qd4 49. Rxc1 Qxd5+ 0-1


[Site "https://www.chess.com"]

[Event "Titled Tuesday Blitz November 30 2021"]
[White "Nikologorskiy, Konstantin"]
[Black "Arencibia Monduy, Antonio"]
[WhiteFideId "24111708"]
[BlackFideId "3507939"]
[WhiteElo "2346"]
[BlackElo "2589"]
[Result "1/2-1/2"]
[Round "08"]
[TimeControl "180+1"]
[Date "2021.11.30"]
[WhiteClock "0:00:02"]
[BlackClock "0:00:03"]

1. d4 e6 2. c4 d5 3. Nc3 c6 4. e3 Nf6 5. Nf3 Nbd7 6. Qc2 Be7 7. g4 dxc4 8. Bxc4 b5 9. Bd3 Nd5 10. Nxd5 cxd5 11. Bd2 Rb8 12. Rc1 h6 13. h4 a6 14. Rg1 Bb7 15. g5 hxg5 16. hxg5 Rc8 17. Qb1 Rxc1+ 18. Qxc1 g6 19. Ke2 Bd6 20. Rh1 Rxh1 21. Qxh1 Qe7 22. Qh8+ Qf8 23. Qh7 Bc6 24. Nh4 Qe7 25. f4 Nf8 26. Qg7 b4 27. Nf3 Qb7 28. Ne5 Bb5 29. Bxb5+ Qxb5+ 30. Kf2 Bxe5 31. Qxe5 a5 32. Qc7 Nd7 33. a3 Qd3 34. Be1 Qb1 35. axb4 Qxb2+ 36. Kf3 a4 37. Qd6 a3 38. b5 a2 39. Bb4 Qxb4 40. Qxb4 a1=Q 41. b6 Qa8 42. b7 Qb8 43. Qb5 Kd8 44. Qc6 Qc7 45. Qa6 Nb8 46. Qb5 Qc6 47. Qb4 Ke8 48. Kg3 Qc7 49. Qb5+ Qd7 50. Qb6 Ke7 51. Qc5+ Qd6 52. Qc8 Nd7 53. Kf3 Qb8 54. Qc6 Ke8 55. Qc8+ Ke7 56. Qc6 Kd8 57. Qb5 Kc7 58. Qa5+ Kxb7 59. Qa4 Kc8 60. Qc6+ Qc7 61. Qa8+ Nb8 62. Qa4 Qd7 63. Qb4 Nc6 64. Qb6 Qc7 65. Qc5 Kd7 66. Qf8 Nd8 67. Qb4 Qd6 68. Qb5+ Qc6 69. Qa5 Ke7 70. Qa7+ Qd7 71. Qc5+ Qd6 72. Qb5 Kf8 73. Kf2 Kg7 74. Qe8 Qf8 75. Qd7 Kg8 76. f5 gxf5 77. Kf3 Kg7 78. Kf4 Qh8 79. Qe7 Qh2+ 80. Kf3 Qh3+ 81. Ke2 Qg4+ 82. Kd2 Qg2+ 83. Kc3 Qf3 84. Qf6+ Kg8 85. Qxd8+ Kg7 86. Qf6+ Kg8 87. Qd8+ Kg7 88. Qf6+ Kg8 89. Qd8+ 1/2-1/2


[Site "https://www.chess.com"]

[Event "Titled Tuesday Blitz November 30 2021"]
[White "Onyshchuk, Volodymyr"]
[Black "Sviridov, Valery"]
[WhiteFideId "14114038"]
[BlackFideId "4120680"]
[WhiteElo "2603"]
[BlackElo "2454"]
[Result "0-1"]
[Round "08"]
[TimeControl "180+1"]
[Date "2021.11.30"]
[WhiteClock "0:00:01"]
[BlackClock "0:00:15"]

1. e4 Nf6 2. Nc3 d5 3. exd5 Nxd5 4. Bc4 Nb6 5. Bb3 c5 6. d3 Nc6 7. Nge2 Bf5 8. Be3 e6 9. O-O Be7 10. Ng3 Bg6 11. a4 O-O 12. a5 Nd5 13. Nxd5 exd5 14. Qf3 d4 15. Bd2 Qc7 16. Nf5 Bf6 17. Nh6+ Kh8 18. Ng4 Be7 19. Bf4 Bd6 20. Bxd6 Qxd6 21. Qg3 Qxg3 22. hxg3 Bf5 23. Nh2 Bd7 24. Nf3 g6 25. Nd2 Kg7 26. Ne4 b6 27. axb6 axb6 28. Nd6 Na5 29. Bd5 Rad8 30. Nc4 Nxc4 31. Bxc4 Bc6 32. Ra6 Rb8 33. Rfa1 b5 34. Bb3 Rfc8 35. Ra7 Bb7 36. R1a5 c4 37. Ba2 Bd5 38. Rd7 Be6 39. Rxd4 cxd3 40. Rxd3 Bxa2 41. Rxa2 Rxc2 42. Rd7 Re8 43. f3 Ree2 44. Raa7 Rxg2+ 45. Kf1 Rcf2+ 46. Ke1 Rxb2 47. Rxf7+ Kh6 48. Rxh7+ Kg5 49. Kf1 Rgf2+ 50. Ke1 Rfc2 51. Rad7 Rc1+ 52. Rd1 Rxd1+ 53. Kxd1 Rb3 54. Rf7 b4 0-1


[Site "https://www.chess.com"]

[Event "Titled Tuesday Blitz November 30 2021"]
[White "Pakleza, Zbigniew"]
[Black "Manafov, Vugar"]
[WhiteFideId "1119290"]
[BlackFideId "13410814"]
[WhiteElo "2526"]
[BlackElo "2277"]
[Result "0-1"]
[Round "08"]
[TimeControl "180+1"]
[Date "2021.11.30"]
[WhiteClock "0:00:05"]
[BlackClock "0:00:11"]

1. d4 Nf6 2. Nf3 e6 3. Bf4 Bd6 4. Bg3 O-O 5. Nbd2 Bxg3 6. hxg3 d6 7. e3 Nc6 8. c3 e5 9. Qc2 Qe7 10. O-O-O Rb8 11. Bd3 h6 12. Nh4 b5 13. Nf5 Bxf5 14. Bxf5 b4 15. Nb3 bxc3 16. Qxc3 Nb4 17. Kb1 a5 18. dxe5 dxe5 19. Nxa5 Nfd5 20. Qc4 Qf6 21. g4 e4 22. Rd4 Qb6 23. Nb3 Qa7 24. a3 c6 25. Bxe4 Na6 26. Rc1 Qb6 27. Rd3 Qa7 28. Nd4 Nb6 29. Qc2 Qe7 30. Nf5 Qxe4 31. Rd4 Qxg2 32. g5 Qxg5 33. f4 Qg4 34. Qd3 Nd5 35. Nxh6+ gxh6 36. Qxa6 Qg2 37. Rc2 Qg1+ 38. Ka2 Qxe3 39. Rg2+ Kh8 40. Qc4 Qe6 41. Rh2 Rfc8 42. f5 Qf6 43. Rdh4 Kg7 44. Rg2+ Kf8 45. Rgh2 Nb4+ 46. axb4 Ra8+ 47. Kb1 Qxf5+ 48. Qc2 Qf1+ 49. Qc1 Ra1+ 50. Kxa1 Qxc1+ 51. Ka2 Ra8+ 52. Kb3 Qe3+ 53. Kc2 Qe6 54. Rxh6 Qc4+ 55. Kb1 Qd3+ 56. Kc1 Ra1# 0-1


[Site "https://www.chess.com"]

[Event "Titled Tuesday Blitz November 30 2021"]
[White "Papasimakopoulos, Alexandros"]
[Black "Azarov, Sergei"]
[WhiteFideId "4244125"]
[BlackFideId "13501470"]
[WhiteElo "2394"]
[BlackElo "2494"]
[Result "1-0"]
[Round "08"]
[TimeControl "180+1"]
[Date "2021.11.30"]
[WhiteClock "0:00:56"]
[BlackClock "0:00:02"]

1. d4 Nf6 2. c4 e6 3. Nc3 Bb4 4. Qc2 c5 5. dxc5 Na6 6. a3 Bxc5 7. Nf3 O-O 8. b4 Be7 9. e3 d5 10. Bb2 Bd7 11. cxd5 exd5 12. Be2 Rc8 13. Qb3 Qb6 14. O-O Nc5 15. Qa2 Nce4 16. Nxd5 Nxd5 17. Qxd5 Bc6 18. Qd4 Bf6 19. Qxb6 axb6 20. Bxf6 Nxf6 21. Rac1 Ra8 22. Nd4 Bd5 23. Nb5 Bc6 24. Ra1 Bxb5 25. Bxb5 Rfd8 26. Be2 Ne4 27. Rfd1 Rxd1+ 28. Bxd1 f5 29. f3 Nc3 30. Bc2 g6 31. Kf2 Kg7 32. Ke1 Rd8 33. a4 Kf6 34. Ra3 Nd5 35. Rd3 Ke7 36. b5 Rc8 37. Rxd5 Rxc2 38. Rd2 Rc4 39. Rd4 Rc2 40. Kf1 Ra2 41. h4 1-0


[Site "https://www.chess.com"]

[Event "Titled Tuesday Blitz November 30 2021"]
[White "Perez Ponsa, Federico"]
[Black "Stribuk, Artiom"]
[WhiteFideId "117927"]
[BlackFideId "13515659"]
[WhiteElo "2672"]
[BlackElo "2224"]
[Result "1-0"]
[Round "08"]
[TimeControl "180+1"]
[Date "2021.11.30"]
[WhiteClock "0:01:37"]
[BlackClock "0:00:01"]

1. e4 c5 2. Nf3 Nc6 3. Bb5 e6 4. O-O Nge7 5. d4 cxd4 6. Nxd4 Qb6 7. Nxc6 dxc6 8. Bd3 Ng6 9. Nd2 e5 10. Nc4 Qc7 11. Qf3 Be7 12. a4 O-O 13. a5 Be6 14. Ne3 Rfd8 15. g3 b5 16. axb6 axb6 17. Rxa8 Rxa8 18. h4 Nf8 19. Nf5 Bc5 20. Kg2 f6 21. h5 Qd8 22. Rd1 Qe8 23. c3 Nd7 24. h6 Bf8 25. hxg7 Bxg7 26. Qg4 Bxf5 27. Bc4+ Kh8 28. Qxf5 Nf8 29. Be3 b5 30. Bb3 Ng6 31. Rh1 Ra7 32. Rxh7+ 1-0


[Site "https://www.chess.com"]

[Event "Titled Tuesday Blitz November 30 2021"]
[White "Pranav, V"]
[Black "Kravtsiv, Martyn"]
[WhiteFideId "25060783"]
[BlackFideId "14113147"]
[WhiteElo "2351"]
[BlackElo "2660"]
[Result "0-1"]
[Round "08"]
[TimeControl "180+1"]
[Date "2021.11.30"]
[WhiteClock "0:01:10"]
[BlackClock "0:01:56"]

1. e4 c5 2. Nf3 e6 3. b3 Nf6 4. e5 Nd5 5. Bb2 Nc6 6. Nc3 Nf4 7. Ne4 Qc7 8. g3 Ng6 9. Nd6+ Bxd6 10. exd6 Qxd6 11. Bxg7 Rg8 12. Bc3 b6 13. Bg2 Bb7 14. O-O O-O-O 15. a4 e5 16. a5 Nf4 17. gxf4 Rxg2+ 18. Kxg2 Nd4 19. Bxd4 Qg6+ 20. Kh3 Qf5+ 0-1


[Site "https://www.chess.com"]

[Event "Titled Tuesday Blitz November 30 2021"]
[White "Rasulov, Vugar"]
[Black "Shipov, Sergei"]
[WhiteFideId "13402390"]
[BlackFideId "4113624"]
[WhiteElo "2560"]
[BlackElo "2770"]
[Result "1-0"]
[Round "08"]
[TimeControl "180+1"]
[Date "2021.11.30"]
[WhiteClock "0:00:45"]
[BlackClock "0:01:10"]

1. d4 d5 2. c4 dxc4 3. Nf3 a6 4. g3 b5 5. Bg2 Bb7 6. O-O c5 7. a4 b4 8. Nbd2 cxd4 9. Nxc4 Nf6 10. Qxd4 Qxd4 11. Nxd4 Bxg2 12. Kxg2 e6 13. Rd1 Be7 14. Bf4 O-O 15. Nb6 Ra7 16. Bxb8 Rxb8 17. Nc6 Rxb6 18. Nxa7 Rb7 19. Nc6 Bf8 20. Rd8 g6 21. Rb8 Rc7 22. Nxb4 a5 23. Nd3 Rc2 24. Rc1 Rxe2 25. Rcc8 Nd7 26. Ra8 Rd2 27. Ne1 Kg7 28. Rc2 Rd1 29. Nf3 Bb4 30. Rd8 Rd5 31. h4 h6 32. Rcc8 Be7 33. Re8 Nb6 34. Rb8 Bc5 35. g4 g5 36. Rg8+ Kf6 37. Rh8 gxh4 38. Rxh6+ Kg7 39. Rbh8 Nxa4 40. R6h7+ Kf6 41. g5+ Kg6 42. Rh6+ Kg7 43. b3 Nc3 44. Rxh4 Rf5 45. R4h7+ 1-0


[Site "https://www.chess.com"]

[Event "Titled Tuesday Blitz November 30 2021"]
[White "Rustemov, Alexander"]
[Black "Pichot, Alan"]
[WhiteFideId "4119002"]
[BlackFideId "110973"]
[WhiteElo "2804"]
[BlackElo "2600"]
[Result "0-1"]
[Round "08"]
[TimeControl "180+1"]
[Date "2021.11.30"]
[WhiteClock "0:00:01"]
[BlackClock "0:00:31"]

1. d4 Nf6 2. Bg5 d5 3. e3 c6 4. Nd2 Bf5 5. Bxf6 gxf6 6. Bd3 Bg6 7. Ne2 e6 8. O-O Bd6 9. Nf3 Nd7 10. c4 O-O 11. Rc1 Qa5 12. a3 Rac8 13. c5 Bb8 14. b4 Qc7 15. Ng3 f5 16. Ne2 Kh8 17. Nf4 Rg8 18. g3 Nf6 19. Ne5 Qe7 20. f3 Bxe5 21. dxe5 Nd7 22. Nxg6+ hxg6 23. f4 f6 24. exf6 Qxf6 25. Qd2 Kg7 26. a4 e5 27. b5 Rce8 28. Rf2 Re7 29. Qa5 exf4 30. exf4 Qd4 31. Bf1 Nxc5 32. Qxa7 Nb3 33. Qxd4+ Nxd4 34. bxc6 bxc6 35. a5 Ra8 36. a6 Rc7 37. Ra2 Kf6 38. Kf2 Ke7 39. Ra4 Ne6 40. Bg2 Kd6 41. Rca1 Nc5 42. R4a3 Rca7 0-1


[Site "https://www.chess.com"]

[Event "Titled Tuesday Blitz November 30 2021"]
[White "Shahade, Gregory"]
[Black "Rozman, Levy"]
[WhiteFideId "2009064"]
[BlackFideId "2039877"]
[WhiteElo "2647"]
[BlackElo "2376"]
[Result "1-0"]
[Round "08"]
[TimeControl "180+1"]
[Date "2021.11.30"]
[WhiteClock "0:01:04"]
[BlackClock "0:00:29"]

1. e4 c6 2. Nc3 d5 3. Nf3 dxe4 4. Nxe4 Nf6 5. Qe2 Bg4 6. Nxf6+ gxf6 7. h3 Bh5 8. g3 Na6 9. Bg2 e6 10. O-O Nb4 11. d4 Bg6 12. Ne1 h5 13. a3 Nd5 14. c4 Ne7 15. Nf3 Qd7 16. Bf4 Bh6 17. Bxh6 Rxh6 18. Rfd1 O-O-O 19. d5 cxd5 20. Qe3 Rhh8 21. Qxa7 Nc6 22. Qa4 d4 23. Nxd4 Nb8 24. Nb5 Qe7 25. Na7+ Kc7 26. Qa5+ b6 27. Nb5+ Kc8 28. Qxb6 1-0


[Site "https://www.chess.com"]

[Event "Titled Tuesday Blitz November 30 2021"]
[White "Siva Mahadevan"]
[Black "Mirzoev, Azer"]
[WhiteFideId "25043153"]
[BlackFideId "13400304"]
[WhiteElo "2203"]
[BlackElo "2525"]
[Result "1-0"]
[Round "08"]
[TimeControl "180+1"]
[Date "2021.11.30"]
[WhiteClock "0:01:24"]
[BlackClock "0:00:01"]

1. e4 c6 2. d4 d5 3. e5 Bf5 4. c4 e6 5. Nc3 Nd7 6. Nge2 dxc4 7. Ng3 Bd3 8. Bxd3 cxd3 9. O-O Ne7 10. Be3 Nb6 11. Qxd3 Ned5 12. Nce4 Be7 13. h4 O-O 14. h5 h6 15. Rad1 Nxe3 16. fxe3 Nd5 17. Rf3 c5 18. Rdf1 cxd4 19. exd4 Qb6 20. R3f2 Rad8 21. a3 Rd7 22. Nc3 Nxc3 23. bxc3 Qb3 24. Ne4 Rc7 25. Qg3 b5 26. d5 exd5 27. e6 dxe4 28. exf7+ Kh8 29. Qxc7 Bh4 30. Rf4 Bg5 31. Rxe4 Qxa3 32. Re8 a5 33. Qc8 Be7 34. Rxf8+ Bxf8 35. Re1 a4 36. Qxf8+ Qxf8 37. Re8 1-0


[Site "https://www.chess.com"]

[Event "Titled Tuesday Blitz November 30 2021"]
[White "Szpar, Milosz"]
[Black "Galchenko, Matvey"]
[WhiteFideId "1184989"]
[BlackFideId "24175480"]
[WhiteElo "2285"]
[BlackElo "2453"]
[Result "1-0"]
[Round "08"]
[TimeControl "180+1"]
[Date "2021.11.30"]
[WhiteClock "0:00:05"]
[BlackClock "0:00:24"]

1. e4 e6 2. Nf3 d5 3. e5 c5 4. b4 cxb4 5. a3 Nc6 6. d4 Bd7 7. axb4 Bxb4+ 8. c3 Be7 9. Bd3 b5 10. O-O Na5 11. Re1 Nc4 12. Nbd2 a5 13. Nf1 b4 14. cxb4 Bxb4 15. Re2 Ne7 16. Ng3 h5 17. Bg5 Qb6 18. Rb1 Rc8 19. h4 Bb5 20. Ra2 Nc6 21. Bf1 Be7 22. Bxe7 Kxe7 23. Qc1 Nxd4 24. Qg5+ Kf8 25. Nxd4 Qxd4 26. Rxb5 Nxe5 27. Rc2 Re8 28. Rb7 Rh6 29. Rd2 Qc3 30. Re2 Nc4 31. Nf5 Rh7 32. Re7 Rb8 33. R7xe6 fxe6 34. Qe7+ Kg8 35. Qxe6+ Kh8 36. Qe8+ 1-0


[Site "https://www.chess.com"]

[Event "Titled Tuesday Blitz November 30 2021"]
[White "Thavandiran, Shiyam"]
[Black "Barria Zuniga, Daniel"]
[WhiteFideId "2605058"]
[BlackFideId "3400816"]
[WhiteElo "2357"]
[BlackElo "2414"]
[Result "1-0"]
[Round "08"]
[TimeControl "180+1"]
[Date "2021.11.30"]
[WhiteClock "0:00:02"]
[BlackClock "0:00:01"]

1. e4 c5 2. Nf3 Nc6 3. d4 cxd4 4. Nxd4 Nf6 5. Nc3 e6 6. Ndb5 a6 7. Nd6+ Bxd6 8. Qxd6 b5 9. Bd3 Qe7 10. Bf4 Nh5 11. Qxe7+ Kxe7 12. Be3 d6 13. O-O-O Bd7 14. f3 Rhc8 15. h4 Ne5 16. g4 Nf6 17. Rh3 b4 18. Ne2 a5 19. Nd4 a4 20. g5 Nh5 21. f4 Nxd3+ 22. Rxd3 g6 23. Rf3 e5 24. fxe5 dxe5 25. Ne2 Rc4 26. b3 axb3 27. axb3 Rxe4 28. Bc5+ Ke8 29. Rfe3 Rxe3 30. Rxe3 Ra1+ 31. Kb2 Rh1 32. Rxe5+ Be6 33. Nd4 Rxh4 34. Nxe6 fxe6 35. Rxe6+ Kd7 36. Re7+ Kc6 37. Be3 Ng3 38. Bf2 Nf5 39. Re6+ Kd5 40. Rb6 Rf4 41. Be1 Ke4 42. Rxb4+ Kf3 43. Rxf4+ Kxf4 44. Bd2+ Kf3 45. b4 Ke2 46. Bc1 Kd1 47. c4 Nd6 48. c5 Nb5 49. Bf4 Ke2 50. Kb3 Kd3 51. c6 Kd4 52. c7 Nxc7 53. Bxc7 1-0


[Site "https://www.chess.com"]

[Event "Titled Tuesday Blitz November 30 2021"]
[White "Vaishali, Rameshbabu"]
[Black "Seo, Jung Min"]
[WhiteFideId "5091756"]
[BlackFideId "1734687"]
[WhiteElo "2313"]
[BlackElo "2472"]
[Result "0-1"]
[Round "08"]
[TimeControl "180+1"]
[Date "2021.11.30"]
[WhiteClock "0:00:02"]
[BlackClock "0:00:04"]

1. d4 Nf6 2. c4 e6 3. Nc3 Bb4 4. e3 O-O 5. Bd2 d5 6. Nf3 Re8 7. cxd5 exd5 8. Bd3 c6 9. O-O Nbd7 10. Qc2 Qe7 11. Rfe1 Qf8 12. Ng5 h6 13. Nh3 Bd6 14. f3 c5 15. Nf2 a6 16. a4 b6 17. Bf5 Bb7 18. Rad1 Re7 19. Bc1 Rae8 20. Re2 g6 21. Bh3 Qg7 22. b3 Nf8 23. Rde1 Ne6 24. Bxe6 Rxe6 25. Kh1 Nh5 26. g4 Nf6 27. Kg2 Rc8 28. Qd3 Rce8 29. h4 g5 30. hxg5 hxg5 31. Bd2 Qh7 32. Qxh7+ Kxh7 33. Nd3 Kg6 34. Kf2 Rh8 35. Kg1 Rh3 36. Rf2 Bg3 37. Kg2 Bxf2 38. Nxf2 Rh8 39. Rd1 cxd4 40. exd4 Rhe8 41. Nh1 a5 42. Ng3 Ba6 43. Nf5 Bd3 44. Ng3 Bc2 45. Rc1 Bxb3 46. Rh1 Bc2 47. Nb5 Re2+ 48. Nxe2 Rxe2+ 49. Kg3 Rxd2 50. Nd6 Rd3 51. Nf5 Rxf3+ 52. Kxf3 Be4+ 53. Kg3 Bxh1 54. Ne7+ Kg7 55. Nc8 Nd7 56. Ne7 Be4 0-1


[Site "https://www.chess.com"]

[Event "Titled Tuesday Blitz November 30 2021"]
[White "Weetik, Vjacheslav"]
[Black "Mickiewicz, Piotr"]
[WhiteFideId "4153472"]
[BlackFideId "1114891"]
[WhiteElo "2469"]
[BlackElo "2251"]
[Result "1-0"]
[Round "08"]
[TimeControl "180+1"]
[Date "2021.11.30"]
[WhiteClock "0:00:13"]
[BlackClock "0:00:27"]

1. Nf3 Nf6 2. g3 g6 3. Bg2 Bg7 4. O-O O-O 5. d4 d5 6. c4 c6 7. Qb3 dxc4 8. Qxc4 Be6 9. Qa4 Qb6 10. Nc3 Na6 11. e4 Qb4 12. Qc2 Rfd8 13. Bf4 h6 14. Rfd1 g5 15. Be5 Nd7 16. Bxg7 Kxg7 17. d5 Bg4 18. Rd4 Qc5 19. Rad1 Bxf3 20. Bxf3 Ne5 21. Be2 Nc7 22. Qb3 b5 23. Kg2 a5 24. a3 a4 25. Qc2 Rd6 26. Qd2 Rad8 27. Qe3 Ne6 28. Rb4 Qxe3 29. fxe3 Nc5 30. dxc6 Rxd1 31. Bxd1 Rd2+ 32. Be2 g4 33. Rxb5 Ncd3 34. c7 Nc1 35. c8=Q Nxe2 36. Nxe2 Rxe2+ 37. Kf1 Rd2 38. Rxe5 1-0


[Site "https://www.chess.com"]

[Event "Titled Tuesday Blitz November 30 2021"]
[White "Yilmaz, Mustafa"]
[Black "Le, Tuan Minh"]
[WhiteFideId "6302718"]
[BlackFideId "12401153"]
[WhiteElo "2518"]
[BlackElo "2450"]
[Result "1-0"]
[Round "08"]
[TimeControl "180+1"]
[Date "2021.11.30"]
[WhiteClock "0:00:08"]
[BlackClock "0:00:02"]

1. d4 d5 2. c4 c6 3. cxd5 cxd5 4. Bf4 Nf6 5. e3 Nc6 6. Bd3 a6 7. Nc3 Bg4 8. Nge2 e6 9. O-O Bd6 10. Bxd6 Qxd6 11. h3 Bh5 12. Na4 O-O 13. Rc1 Rac8 14. Qb3 Qb4 15. Nf4 Qxb3 16. axb3 Nb4 17. Nb6 Rb8 18. g4 Nxd3 19. Nxd3 Bg6 20. Ne5 Rfd8 21. h4 h6 22. h5 Bh7 23. Rc7 Rd6 24. Nc8 Rd8 25. Rfc1 Ne8 26. Ne7+ Kf8 27. Rd7 Rxd7 28. Nxd7+ Kxe7 29. Nxb8 Kd8 30. f3 Nd6 31. Kg2 Nb5 32. Kg3 Na7 33. Kf4 Nc8 34. Ke5 Nb6 35. Nxa6 bxa6 36. Rc6 Nd7+ 37. Kd6 Bd3 38. Rc7 Bb5 39. Ra7 Kc8 40. Ra8+ Nb8 41. Ra7 Nd7 42. Rc7+ Kd8 43. b4 f6 44. b3 Nb6 45. Rxg7 Ke8 46. Re7+ Kf8 47. Kxe6 Nc8 48. Rf7+ Kg8 49. Rxf6 Kg7 50. Rg6+ Kh7 51. Kxd5 Ne7+ 52. Ke6 Nxg6 53. hxg6+ Kxg6 54. f4 Be2 55. f5+ Kg7 56. Ke7 Kh7 57. f6 1-0


[Site "https://www.chess.com"]

[Event "Titled Tuesday Blitz November 30 2021"]
[White "Zhigalko, Sergei"]
[Black "Sadhwani, Raunak"]
[WhiteFideId "13502956"]
[BlackFideId "35093487"]
[WhiteElo "2662"]
[BlackElo "2517"]
[Result "1/2-1/2"]
[Round "08"]
[TimeControl "180+1"]
[Date "2021.11.30"]
[WhiteClock "0:01:53"]
[BlackClock "0:02:16"]

1. e4 e5 2. Nf3 Nc6 3. Bc4 Nf6 4. d3 h6 5. O-O d6 6. c3 g5 7. Be3 g4 8. Nfd2 d5 9. exd5 Nxd5 10. Qb3 Na5 11. Qa4+ Nc6 12. Qb3 Na5 13. Qa4+ Nc6 14. Qb3 1/2-1/2


[Site "https://www.chess.com"]

[Event "Titled Tuesday Blitz November 30 2021"]
[White "Acor, Corey"]
[Black "Pichot, Alan"]
[WhiteFideId "2024861"]
[BlackFideId "110973"]
[WhiteElo "2300"]
[BlackElo "2600"]
[Result "0-1"]
[Round "09"]
[TimeControl "180+1"]
[Date "2021.11.30"]
[WhiteClock "0:00:01"]
[BlackClock "0:00:16"]

1. e4 e5 2. Nf3 Nc6 3. Bc4 Nf6 4. d3 Bc5 5. c3 d6 6. O-O a6 7. Be3 Ba7 8. Bb3 O-O 9. h3 Ne7 10. Nbd2 Ng6 11. d4 h6 12. Re1 Re8 13. Bc2 Be6 14. d5 Bd7 15. c4 Nh5 16. Nf1 Qc8 17. Kh2 Nhf4 18. Bxa7 Bxh3 19. Ng1 Bxg2 20. Be3 Qd8 21. Qg4 h5 22. Qg3 Qf6 23. Bxf4 Nxf4 24. Ne3 h4 25. Qg4 h3 26. Nf5 g6 27. Ne2 Kf8 28. Nxf4 exf4 29. Qh4 Qe5 30. Nh6 f3+ 31. Kg1 Kg7 32. Ng4 Qf4 33. Qg3 Qg5 34. Kh2 Re7 35. e5 Rae8 36. e6 fxe6 37. Rxe6 Rxe6 38. dxe6 Rxe6 39. Bd3 Qd2 40. Bf1 Re1 0-1


[Site "https://www.chess.com"]